AoeStats
← Rafaelbdoo

Arena

505174046Analyzed
1v1 RM · 26d ago on Sep 8, 2026· 47m 57s· 2 players
Game mode
Random Map
Map size
Tiny (2 player)
Population
200
Speed
Normal
Resources
Standard
Victory
Conquest
Starting age
Dark Age
Ending age
Imperial Age
RankedLock teamsTeams togetherTeam positionsShared explorationLock speedFull tech treeHidden civsTurbo modeCheats
Victory
Defeat
🇺🇸 Aztecs · United States
730
+18
🇧🇷 Spanish · Brazil
779
-35
they call me imp
10:58 Feudal Age
15:34 Castle Age
13:27 Double-Bit Axe
13:23 Horse Collar
16:29 Bow Saw
18:48 Wheelbarrow
18:27 Crossbowman
19:08 Gold Mining
20:47 Fletching
20:59 Padded Archer Armor
23:08 Loom
27:31 Ballistics
27:55 Gold Shaft Mining
29:44 Heavy Plow
31:07 Hand Cart
31:08 Stone Mining
34:12 Imperial Age
32:43 Stone Shaft Mining
32:59 Bodkin Arrow
33:20 Leather Archer Armor
36:27 Crop Rotation
36:03 Bracer
35:26 Arbalester
35:46 Pikeman
38:48 Chemistry
38:31 Arson
38:47 Squires
38:33 Gambesons
40:39 Conscription
46:20 Forging
46:13 Scale Mail Armor
46:21 Eagle Warrior
48:04 Iron Casting
47:42 Elite Eagle Warrior
Rafaelbdoo
11:55 Feudal Age
13:09 Horse Collar
13:16 Double-Bit Axe
13:24 Gold Mining
13:33 Stone Mining
16:09 Scale Barding Armor
19:33 Bloodlines
20:55 Forging
24:05 Castle Age
24:38 Wheelbarrow
25:06 Bow Saw
25:04 Husbandry
25:27 Chain Barding Armor
25:19 Light Cavalry
26:25 Hand Cart
26:54 Stone Shaft Mining
31:39 Iron Casting
34:36 Inquisition
37:56 Imperial Age
38:03 Cavalier
38:47 Elite Conquistador
42:42 Elite Skirmisher
43:34 Thumb Ring
Connection lost

Rejoining the realm…

Still unreachable

The connection could not be restored.

Session expired

The server has moved on; the page needs a fresh start.